 Dungeon Crawl Stone Soup version 0.24-a0-429-g4608c8fa30 (webtiles) character file.

Game seed: 12264593513485396693

132 Amnesiac the Charmwright (level 5, 0/38 HPs)
             Began as a Merfolk Skald on June 13, 2019.
             Slain by Grinder (10 damage)
             ... on level 4 of the Dungeon.
             The game lasted 00:07:06 (1424 turns).

Amnesiac the Charmwright (Merfolk Skald)            Turns: 1424, Time: 00:07:07

Health: 0/38       AC:  3    Str: 11    XL:     5   Next: 15%
Magic:  7/9        EV: 12    Int: 12    God:
Gold:   117        SH:  0    Dex: 15    Spells: 6/10 levels left

rFire    . . .     SeeInvis .   a - +0 spear
rCold    . . .     Gourm    .   (no shield)
rNeg     . . .     Faith    .   b - +0 leather armour
rPois    .         Spirit   .   (no helmet)
rElec    .         Reflect  .   (no cloak)
rCorr    .         Harm     .   (no gloves)
MR       .....                  (no boots)
Stlth    +.........             (no amulet)
HPRegen  0.12/turn              (no ring)
MPRegen  0.11/turn              (no ring)

@: no status effects
A: change form in water, swift swim, stealthy swim
a: no special abilities


You were on level 4 of the Dungeon.
You were not hungry.

You visited 1 branch of the dungeon, and saw 4 of its levels.

You collected 117 gold pieces.

Inventory:

Hand Weapons
 a - a +0 spear (weapon)
Armour
 b - a +0 leather armour (worn)
 o - a +2 cloak
Scrolls
 e - a scroll of immolation {!r, unknown}
 g - a scroll of blinking {!r, unknown}
 h - a scroll of fog {!r, unknown}
 k - a scroll of fear {!r, unknown}
 m - a scroll of identify {!r, unknown}
Potions
 f - a potion of flight {!q, unknown}
 i - a potion of mutation {!q, unknown}
 j - 2 potions of haste {!q, unknown}
 l - a potion of cancellation {!q, unknown}
 n - a potion of brilliance {!q, unknown}
Comestibles
 c - a chunk of flesh
 d - 5 rations


   Skills:
 - Level 2.1 Fighting
 * Level 3.0 Polearms
 - Level 0.6 Armour
 - Level 2.6 Dodging
 - Level 3.0 Spellcasting
 + Level 3.2 Hexes
 - Level 4.0 Charms


You had 6 spell levels left.
You knew the following spells:

 Your Spells              Type           Power        Failure   Level  Hunger
a - Infusion              Chrm           ##..         6%          1    #......
e - Spectral Weapon       Hex/Chrm       ##......     22%         3    ###....

Your spell library contained the following spells:

 Spells                   Type           Power        Failure   Level  Hunger
 Song of Slaying          Chrm           ##......     10%         2    ###....
 Shroud of Golubria       Chrm/Tloc      #.....       22%         2    ###....
 Regeneration             Chrm/Necr      #.........   38%         3    ###....


Dungeon Overview and Level Annotations

Branches:
Dungeon (4/15)
 Temple: D:4-7

Altars:
Fedhas

Annotations:
D:4 Grinder


Message History

You butcher the dart slug corpse.
c - 2 chunks of flesh Eating one of 2 chunks of flesh.
You eat one of the 2 chunks of flesh.
This raw flesh tastes terrible.
o - an embroidered cloak You open the door.
There is an open door here.
You open the door.
There is an open door here.
Things that are here:
a +0 flail; a +0 leather armour; a +0 ring mail You see here a +0 morningstar.
As you open the door, it creaks loudly!
Grinder comes into view.
Grinder shouts!
Grinder blinks!
Grinder moves out of view.
Found a leather armour.
Found a stone staircase leading up.
Grinder gestures at you. You resist with significant effort.
There is an open door here.
Casting: Spectral Weapon (safe; 22% risk of failure)
Confirm with . or Enter, or press ? or * to list all spells.
You draw out your weapon's spirit!
Found a blossoming altar of Fedhas.
Attack whom?
Press: ? - help, Dir - move target cursor, f - Grinder
Aim: Grinder You reach to attack!
You closely miss Grinder. Grinder gestures at you.
Pain shoots through your body!
Attack whom?
Press: ? - help, Dir - move target cursor, f/p - Grinder
Aim: Grinder (lightly wounded)
You reach to attack!
You hit Grinder.
Grinder is lightly wounded.
You hit Grinder.
Grinder is moderately wounded.
Grinder closely misses you.
You hit Grinder.
Grinder is moderately wounded.
Grinder barely misses you.
You barely miss Grinder.
Grinder is moderately wounded.
Grinder says, "Tell me all your secrets, or I'll kill you."
Grinder gestures at you.
You suddenly lose the ability to move!
Grinder gestures at you. Pain shoots through your body!
Grinder gestures at you. You resist with significant effort.
You can move again.
You hit Grinder.
Grinder is moderately wounded.
Grinder hits you!
* * * LOW HITPOINT WARNING * * *
You writhe in agony.
* * * LOW HITPOINT WARNING * * *
You hit Grinder.
Grinder is moderately wounded.
Grinder barely misses you.
You hit Grinder.
Grinder is heavily wounded.
Grinder hits you!
You die...

#.# #.# #+## #.# #..<##
#.## ##.....## ##..##
##.......#
#######....####.........
..............'.........
#######....####.[.......
#.#.## ##@5(....# #...#
##.....## ###.# #....#
#.# #+#... #.# P. #. _


You could see Grinder and a friendly spectral +0 spear.

Vanquished Creatures
  An orc priest (D:4)
  An iguana (D:4)
  A howler monkey skeleton (D:4)
  3 adders
  2 worms
  A dart slug (D:4)
  3 orcs
  A giant cockroach (D:3)
  3 goblins
  4 hobgoblins
  2 ball pythons
  2 frilled lizards
  4 kobolds
  6 rats
34 creatures vanquished.

Vanquished Creatures (others)
  7 toadstools (D:3)
7 creatures vanquished.

Grand Total: 41 creatures vanquished

Notes
Turn   | Place    | Note
-------+----------+-------------------------------------------
     0 | D:1      | Amnesiac the Merfolk Skald began the quest for the Orb.
     0 | D:1      | Reached XP level 1. HP: 16/16 MP: 3/3
    99 | D:1      | Reached XP level 2. HP: 15/22 MP: 5/5
   131 | D:1      | Reached skill level 4 in Charms
   279 | D:2      | Reached XP level 3. HP: 22/27 MP: 2/7
   385 | D:2      | Learned a level 3 spell: Spectral Weapon
   736 | D:3      | Reached skill level 1 in Hexes
   859 | D:3      | Reached XP level 4. HP: 28/33 MP: 8/8
  1306 | D:4      | Reached XP level 5. HP: 26/38 MP: 6/9
  1410 | D:4      | Noticed Grinder
  1414 | D:4      | Found a blossoming altar of Fedhas.
  1419 | D:4      | Paralysed by Grinder for 3 turns
  1424 | D:4      | Slain by Grinder

Levels and vault maps discovered:
D:1:      onia_arrival_mini_spirals, layout_basic, minmay_tetromino_l2
D:2:      layout_basic, ashenzari_altar_1, nicolae_tso_carved_into_rock
D:3:      cheibrodos_fertilizer, layout_basic, lightli_corner_chamber
D:4:      layout_loops_corners, fedhas_altar_1, first_ration, uniq_grinder

Skill      XL: |  1  2  3  4 |
---------------+-------------+-----
Charms         | 4 |  4.0
Spellcasting   | 3 |  3.0
Hexes          | 1 3 |  3.2
Fighting       | |  2.1
Polearms       | |  3.0
Armour         | |  0.6
Dodging        | |  2.6

Action                   |  1- 3 |  4- 6 || total
-------------------------+-------+-------++-------
Melee: Spear             |   100 |    31 ||   131
 Cast: Infusion          |     2 |       ||     2
       Spectral Weapon   |     1 |     3 ||     4
  Eat: Chunk             |       |     2 ||     2
Armor: Leather armour    |     7 |       ||     7
Dodge: Dodged            |    43 |     9 ||    52

Table legend:
 A = Non-vault XP
 B = Vault XP
 C = Vault XP percentage of total XP
 D = Non-vault monster count
 E = Vault monster count
 F = Vault count percentage of total count
                 A         B        C        D         E       F
            +---------+---------+-------+---------+---------+-------
      Total |     186 |       3 |   1.6 |      32 |       2 |   5.9
            +---------+---------+-------+---------+---------+-------
        D:1 |      23 |       3 |  11.5 |       7 |       2 |  22.2
        D:2 |      22 |       0 |   0.0 |       6 |       0 |   0.0
        D:3 |      35 |       0 |   0.0 |      13 |       0 |   0.0
        D:4 |     106 |       0 |   0.0 |       6 |       0 |   0.0
            +---------+---------+-------+---------+---------+-------
